 Dungeon Crawl Stone Soup version 0.27-a0-512-g57cc695410 (webtiles) character file.

Game seed: 2382085160929516955

6050 kae the Grappler (level 10, 0/84 HPs)
             Began as a Demonspawn Gladiator on Mar 3, 2021.
             Was a Follower of Wu Jian.
             Slain by an orc warrior
             ... wielding a +0 halberd
              (21 damage)
             ... on level 9 of the Dungeon.
             The game lasted 00:07:23 (11671 turns).

kae the Grappler (Demonspawn Gladiator)            Turns: 11671, Time: 00:07:24

Health: 0/84       AC:  9    Str: 18    XL:     10   Next: 57%
Magic:  10/10      EV: 12    Int: 10    God:    Wu Jian [*.....]
Gold:   659        SH:  0    Dex: 14    Spells: 9/9 levels left

rFire    . . .     SeeInvis .     - Unarmed
rCold    . . .     Faith    .   (no shield)
rNeg     . . .     Spirit   .   a - +0 leather armour
rPois    .         Reflect  .   b - +1 helmet
rElec    .         Harm     .   p - +0 cloak
rCorr    .         Rampage  .   (no gloves)
Will     +....                  (no boots)
Stlth    +.........             (no amulet)
HPRegen  0.24/turn              t - ring of willpower
MPRegen  0.12/turn              (no ring)

@: no status effects
A: claws 2, icy blue scales 2, ignite blood 1, spiny 2
a: Renounce Religion


You were on level 9 of the Dungeon.
You worshipped Wu Jian.
Wu Jian was aware of your devotion.
You visited 2 branches of the dungeon, and saw 10 of its levels.

You collected 659 gold pieces.

Inventory:

Missiles
 c - 3 throwing nets (quivered)
Armour
 a - a +0 leather armour (worn)
 b - a +1 helmet (worn)
 p - a +0 cloak (worn)
Jewellery
 t - a ring of willpower (left claw)
 A - an amulet of faith
Wands
 g - a wand of acid (8)
 j - a wand of polymorph (13)
 y - a wand of flame (12)
 z - a wand of random effects (6)
Scrolls
 e - a scroll of fog
 f - 2 scrolls of teleportation
 o - 2 scrolls of identify
 u - a scroll of enchant armour
 w - 2 scrolls of magic mapping
 x - a scroll of amnesia
Potions
 d - 4 potions of attraction
 h - 7 potions of magic
 i - a potion of resistance
 k - 3 potions of berserk rage
 l - 3 potions of heal wounds
 m - 6 potions of curing
 n - 2 potions of brilliance
 q - 3 potions of mutation
 r - 4 potions of degeneration
 v - 3 potions of haste
Miscellaneous
 s - a tin of tremorstones (2/2)
 B - a tin of tremorstones (2/2)


   Skills:
 + Level 9.7 Fighting
 - Level 1.7 Throwing
 - Level 2.6 Dodging
 - Level 12.0 Unarmed Combat


You had 9 spell levels left.
You didn't know any spells.
Your spell library contained the following spells:

 Spells                   Type           Power        Failure   Level
 Freeze                   Ice            0%           41%         1
 Magic Dart               Conj           0%           41%         1
 Blink                    Tloc           N/A          56%         2
 Call Imp                 Summ           0%           56%         2
 Slow                     Hex            0%           56%         2
 Conjure Flame            Conj/Fire      0%           80%         3
 Frozen Ramparts          Ice            0%           80%         3
 Mephitic Cloud           Conj/Pois/Air  0%           80%         3
 Ozocubu's Armour         Ice            0%           80%         3
 Hailstorm                Conj/Ice       0%           99%         4
 Summon Ice Beast         Ice/Summ       0%           99%         4


Dungeon Overview and Level Annotations

Branches:
Dungeon (9/15)             Temple (1/1) D:5            Lair (0/6) D:8
    Orc: D:9-12

Altars:
Ashenzari
Cheibriados
Dithmenos
Elyvilon
Fedhas
Gozag
Hepliaklqana
Kikubaaqudgha
Makhleb
Nemelex Xobeh
Okawaru
Qazlal
Ru
Sif Muna
Trog
Uskayaw
Vehumet
Wu Jian
Xom
Yredelemnul
Zin
The Shining One

Annotations:
D:5 3 runed translucent doors, emiel's ghost, weakling TrDe


Innate Abilities, Weirdness & Mutations

You have very sharp fingernails.
You are mostly covered in icy blue scales. (AC +3)
Your demonic aura sometimes causes spilled blood to erupt in flames You are mostly covered in sharp spines.


Message History

The puff of flame hits you.
Okay, then.
You scratch the orc.
The orc is moderately wounded.
Something hits you. The orc barely misses you.
The orc warrior barely misses you.
You scratch the orc.
The orc is heavily wounded.
You hear some strange, mumbled words.
A magic dart appears from out of thin air!
The magic dart hits you.
* * * LOW HITPOINT WARNING * * *
The orc hits you.
* * * LOW HITPOINT WARNING * * *
Something hits you.
* * * LOW HITPOINT WARNING * * *
You mangle something!! The Council accepts your kill.
Reactivating autopickup.
You feel a bit more experienced.
You lunge at the orc warrior.
You scratch the orc warrior.
You claw the orc warrior, but do no damage.
The orc warrior is lightly wounded.
You scratch the orc warrior.
The orc warrior is moderately wounded.
The orc warrior barely misses you.
You scratch the orc warrior. You claw the orc warrior.
The orc warrior is heavily wounded.
The orc is struck by your spines. The orc misses you.
Okay, then.
You claw the orc warrior! Your claw misses the orc warrior.
The orc warrior is almost dead.
The orc warrior is struck by your spines.
The orc warrior barely misses you. The orc is struck by your spines.
You kill the orc!
The Council accepts your kill.
You scratch the orc warrior but do no damage.
The orc warrior is almost dead.
The orc warrior hits you with a +0 halberd!!
You die...

#..#..# # . #..#..# .# ##
### #. #.##..# ##.# ....
##.##.##.###.... ###....
###..#..# #... .......
.####.####...#### .>.....
..#"..#.#..###..###
.......
..#.....#.##....o○###...#
.....#....†...#.@[......#
..#..[)[###......##.#†..#
..#.#..)# ###..###..#...#
.####.### ####...##.....
## ..... ....# .......
####...### .....# .......
##[##.##.#####.## .......
.##.#.#.##.#... .......
..##...##..#.###


You could see an orc warrior.

Vanquished Creatures
  Pikel (D:6)
  An ugly thing (D:9)
  A cyclops (D:9)
  A kobold demonologist (D:9)
  A hornet (D:8)
  Prince Ribbit (D:9)
  Sigmund (D:4)
  A yak (D:9)
  Edmund (D:4)
  A water moccasin (D:8)
  Duvessa (D:4)
  4 orc warriors
  A hornet zombie (D:9)
  2 sky beasts
  An ogre (D:6)
  3 ice beasts (D:9)
  4 centaurs
  A phantom (D:4)
  2 lemures (D:6)
  3 bullfrogs
  Dowan (D:4)
  5 scorpions
  A water moccasin skeleton (D:9)
  A killer bee (D:9)
  2 electric eels (D:8)
  4 bullfrog zombies
  5 hounds
  7 orc priests
  2 bullfrog skeletons
  2 jellies
  2 iguanas
  4 centaur skeletons
  12 orc wizards
  5 worker ants
  A killer bee zombie (D:9)
  A hound skeleton (D:5)
  A worker ant zombie (D:9)
  13 adders
  2 shadow imps
  4 ufetubi
  2 oozes
  2 adder skeletons
  2 worms
  3 dart slugs
  4 leopard geckos
  35 orcs
  2 giant cockroaches
  4 goblins (D:1)
  5 hobgoblins
  4 jackals
  7 quokkas
  A ball python (D:6)
  A ball python zombie (D:6)
  4 bats
  4 frilled lizards
  4 kobolds
  A quokka skeleton (D:7)
  7 rats
199 creatures vanquished.

Notes
Turn   | Place    | Note
-------+----------+-------------------------------------------
     0 | D:1      | kae the Demonspawn Gladiator began the quest for the Orb.
     0 | D:1      | Reached XP level 1. HP: 16/16 MP: 1/1
    50 | D:1      | Reached skill level 3 in Unarmed Combat
   392 | D:1      | Gained mutation: You have sharp fingernails. [demonic
                  | ancestry]
   392 | D:1      | Reached XP level 2. HP: 14/22 MP: 2/2
  1021 | D:1      | Gained mutation: You have very sharp fingernails. [demonic
                  | ancestry]
  1021 | D:1      | Reached XP level 3. HP: 27/28 MP: 3/3
  1176 | D:2      | Found a shimmering altar of Xom.
  1296 | D:2      | Found a burning altar of Makhleb.
  1555 | D:2      | Found a glowing silver altar of Zin.
  1660 | D:2      | Reached skill level 4 in Unarmed Combat
  1675 | D:2      | Reached XP level 4. HP: 33/34 MP: 4/4
  1973 | D:2      | Found a shadowy altar of Dithmenos.
  2493 | D:3      | Gained mutation: You are partially covered in icy blue
                  | scales. (AC +2) [demonic ancestry]
  2493 | D:3      | Reached XP level 5. HP: 41/41 MP: 5/5
  2893 | D:4      | Noticed Edmund
  2897 | D:4      | Noticed Sigmund
  3299 | D:4      | Found a blossoming altar of Fedhas.
  3302 | D:4      | Noticed a phantom
  3327 | D:4      | Killed a phantom
  3328 | D:4      | Reached skill level 5 in Unarmed Combat
  3328 | D:4      | Gained mutation: You are partially covered in sharp spines.
                  | [demonic ancestry]
  3328 | D:4      | Reached XP level 6. HP: 47/48 MP: 6/6
  3616 | D:4      | Noticed Duvessa
  3619 | D:4      | Noticed Dowan
  3628 | D:4      | Killed Sigmund
  3629 | D:4      | Reached skill level 6 in Unarmed Combat
  3629 | D:4      | Reached XP level 7. HP: 51/55 MP: 7/7
  3650 | D:4      | Killed Duvessa
  3652 | D:4      | Killed Dowan
  3655 | D:4      | Reached skill level 5 in Fighting
  3842 | D:4      | Killed Edmund
  3843 | D:4      | Reached skill level 7 in Unarmed Combat
  4428 | D:5      | Entered Level 5 of the Dungeon
  4812 | D:5      | Gained mutation: Your demonic aura sometimes causes spilled
                  | blood to erupt in flames [demonic ancestry]
  4812 | D:5      | Reached XP level 8. HP: 26/63 MP: 8/8
  5117 | D:5      | Found an opulent altar of Gozag.
  5306 | D:5      | Found a staircase to the Ecumenical Temple.
  5401 | D:5      | Found a runed translucent gate.
  5402 | D:5      | Found a runed translucent gate.
  5403 | D:5      | Found a runed translucent gate.
  5470 | D:5      | Found an ornate altar of the Wu Jian Council.
  5543 | D:5      | Noticed emiel's ghost (weakling TrDe)
  6183 | D:6      | Reached skill level 8 in Unarmed Combat
  6808 | D:6      | Found a shimmering blue altar of Sif Muna.
  6808 | D:6      | Noticed Pikel
  6836 | D:6      | Killed Pikel
  6837 | D:6      | Reached skill level 9 in Unarmed Combat
  7104 | D:6      | Gained mutation: You are mostly covered in sharp spines.
                  | [demonic ancestry]
  7104 | D:6      | Reached XP level 9. HP: 70/72 MP: 9/9
  7215 | Temple   | Entered the Ecumenical Temple
  7308 | D:5      | Became a worshipper of the Wu Jian Council
  8702 | D:7      | Found a blossoming altar of Fedhas.
  8753 | D:7      | Reached skill level 10 in Unarmed Combat
  9153 | D:8      | Found a staircase to the Lair.
  9328 | D:8      | Found a bloodstained altar of Trog.
  9887 | D:8      | Reached * piety under Wu Jian
 10488 | D:8      | Found an iron altar of Okawaru.
 10662 | D:9      | Noticed a white ugly thing
 10665 | D:9      | Reached skill level 11 in Unarmed Combat
 10944 | D:9      | Gained mutation: You are mostly covered in icy blue scales.
                  | (AC +3) [demonic ancestry]
 10944 | D:9      | Reached XP level 10. HP: 69/82 MP: 10/10
 11176 | D:9      | Killed a white ugly thing
 11414 | D:9      | Noticed a cyclops
 11423 | D:9      | Killed a cyclops
 11646 | D:9      | Noticed Prince Ribbit
 11649 | D:9      | Killed Prince Ribbit
 11650 | D:9      | Reached skill level 12 in Unarmed Combat
 11671 | D:9      | Slain by an orc warrior

Illustrated notes

Levels and vault maps discovered:
D:1:      tarquinn_simple_flora_water_f, layout_loops_ring, chequers_arboretum
D:2:      layout_loops_ring, overflow_temple_1_default, lemuel_doored_altar,
          lemuel_round_altar, brannock_xom_greatest_gift
D:3:      layout_rooms
D:4:      layout_basic, grunt_ministairs_5, amcnicky_mini_rare_corridor_liquid,
          fedhas_ov_isle_minmay, uniq_duvessa, uniq_sigmund, uniq_edmund
D:5:      layout_layer_cave, grunt_gozag_breadcrumbs, nzn_wu_jian_contemplation,
          temple_fountains, gammafunk_ghost_icy
D:6:      layout_basic, lemuel_round_altar, uniq_pikel
D:7:      layout_basic, nicolae_overflow_crystal_walls
D:8:      wad_lake_hut, layout_loops_corners, lemuel_crystal_altar,
          lemuel_round_altar, lair_entry_dummy
D:9:      minmay_the_grid_octo_tiled_squarecenter
          [minmay_the_grid_octo_checkerflower, minmay_the_grid_octo_odd_swirl,
          minmay_the_grid_octo_clover_2, minmay_the_grid_octo_empty,
          minmay_the_grid_square_5x5_megaprize_crossed,
          minmay_the_grid_square_5x5_trominoes,
          minmay_the_grid_square_5x5_gyroscope,
          minmay_the_grid_square_5x5_three, minmay_the_grid_square_5x5_detours],
          layout_gridville, minmay_misc_feat_square, uniq_prince_ribbit1
Temple:   nicolae_temple_x_marks_the_god

Skill      XL: |  1  2  3  4  5  6  7  8  9 10 |
---------------+-------------------------------+-----
Unarmed Combat | 3 4 5 6 7 9 11 12 | 12.0
Fighting       | 3 4 5 7 8 9 |  9.7
Throwing       | |  1.7
Dodging        | |  2.6

Action                   |  1- 3 |  4- 6 |  7- 9 | 10-12 || total
-------------------------+-------+-------+-------+-------++-------
Melee: Unarmed           |   123 |   109 |   269 |    81 ||   582
       Punch             |       |     3 |    13 |     7 ||    23
Invok: Lunge             |       |       |    12 |     9 ||    21
       Whirlwind         |       |       |     1 |     3 ||     4
  Use: Scroll            |       |    11 |     7 |       ||    18
       Potion            |       |       |     1 |     1 ||     2
 Stab: Sleeping          |     1 |     1 |     2 |       ||     4
       Distracted        |       |       |     1 |       ||     1
Armor: Leather armour    |    33 |    23 |    67 |     8 ||   131
Dodge: Dodged            |    63 |    53 |   117 |    31 ||   264

Table legend: (Time is in decaauts)
 A = Elapsed time spent in this place.
 B = Non-inter-level travel time spent in this place.
 C = Inter-level travel time spent in this place.
 D = Time resting spent in this place.
 E = Time spent auto-exploring this place.
 F = Levels seen in this place.
 G = Mean time per level.
                   A        B        C        D        E       F      G
               +--------+--------+--------+--------+--------+-----+--------+
         Total |  11641 |  11243 |    398 |   2945 |   6981 |  10 | 1164.1 |
       Dungeon |  11581 |  11186 |    395 |   2945 |   6933 |   9 | 1286.8 |
        Temple |     60 |     58 |      2 |      0 |     48 |   1 |   60.0 |
               +--------+--------+--------+--------+--------+-----+--------+

Top non-repeatable levels by time:
     D:5: 1898 daAuts
     D:8: 1714 daAuts
     D:6: 1406 daAuts
     D:4: 1335 daAuts
     D:7: 1314 daAuts
     D:2: 1244 daAuts
     D:1: 1155 daAuts
     D:9: 835 daAuts
     D:3: 676 daAuts
  Temple: 60 daAuts
